 Dungeon Crawl Stone Soup version 0.29.0-11-gd7f09526c8 (webtiles) character file.

Game seed: 8942541972468403950

159 MisterFreud the Cudgeller (level 5, -4/32 HPs)
             Began as a Gargoyle Fighter on Sept 6, 2022.
             Slain by a gnoll
             ... wielding a +0 spear
              (6 damage)
             ... on level 3 of the Dungeon.
             The game lasted 00:01:50 (2265 turns).

MisterFreud the Cudgeller (Gargoyle Fighter)        Turns: 2265, Time: 00:01:51

Health: -4/32      AC: 11    Str: 22    XL:     5   Next: 40%
Magic:  5/5        EV:  9    Int:  8    God:
Gold:   144        SH:  4    Dex:  9    Spells: 4/4 levels left

rFire   . . .      SeeInvis .   a - +0 flail
rCold   . . .      Faith    +   c - +0 buckler
rNeg    + . .      Spirit   .   r - +1 scale mail {Will+}
rPois   ∞          Reflect  .   (no helmet)
rElec   +          Harm     .   (no cloak)
rCorr   .          Rampage  .   (no gloves)
Will    +....                   (no boots)
Stlth   ..........              t - amulet of faith
HPRegen 0.10/turn               (no ring)
MPRegen 0.09/turn               (no ring)

@: no status effects
A: sickness immunity, AC +4, negative energy resistance 1, electricity
resistance, torment resistance 1, petrification resistance
a: no special abilities


You were on level 3 of the Dungeon.
You visited 1 branch of the dungeon, and saw 3 of its levels.

You collected 144 gold pieces.

Inventory:

Hand Weapons
 a - a +0 flail (weapon)
Missiles
 j - 6 boomerangs (quivered)
 s - 2 poisoned darts
Armour
 b - a +0 scale mail
 c - a +0 buckler (worn)
 r - a +1 scale mail of willpower (worn)
Jewellery
 t - an amulet of faith (around neck)
Wands
 m - a wand of paralysis (2)
Scrolls
 e - a scroll of vulnerability {unknown}
 f - a scroll of poison {unknown}
 g - 2 scrolls of summoning
 k - 2 scrolls of teleportation {unknown}
 n - a scroll of enchant armour {unknown}
 p - a scroll of noise {unknown}
Potions
 d - 3 potions of might
 h - 2 potions of heal wounds
 i - a potion of flight {unknown}
 l - a potion of brilliance
 o - 2 potions of curing {unknown}
 q - 2 potions of attraction {unknown}
 u - a potion of resistance {unknown}
 v - 2 potions of lignification {unknown}


   Skills:
 - Level 3.2 Fighting
 + Level 5.4 Maces & Flails
 - Level 3.2 Armour
 - Level 3.2 Shields


You had 4 spell levels left.
You didn't know any spells.
Your spell library contained the following spells:

 Spells                   Type           Power      Damage    Failure   Level
 Blink                    Tloc           0%         N/A       92%         2
 Manifold Assault         Tloc           0%         N/A       100%        5
 Storm Form               Tmut/Air       0%         N/A       100%        7


Dungeon Overview and Level Annotations

Branches:
Dungeon (3/15)

Altars:


Innate Abilities, Weirdness & Mutations

You are immune to sickness and miasma.
Your stone body is resilient. (AC +4)
You are immune to poison.
You resist negative energy. (rN+)
You are resistant to electric shocks. (rElec)
You are resistant to unholy torment.
You are immune to petrification.


Message History

The adder is severely wounded.
The gnoll barely misses you. The adder barely misses you.
The gnoll closely misses you.
You barely miss the adder.
The adder is severely wounded.
You block the adder's attack. The gnoll closely misses you.
The adder closely misses you.
You barely miss the adder.
The adder is severely wounded.
The adder bites you but does no damage. The gnoll closely misses you.
You closely miss the adder.
The adder is severely wounded.
You block the adder's attack. The gnoll closely misses you.
The adder bites you but does no damage.
You hit the adder.
The adder is almost dead.
The adder closely misses you.
The gnoll hits you from afar with a +0 halberd.
You hit the adder.
You kill the adder!
The gnoll hits you from afar with a +0 halberd.
* * * LOW HITPOINT WARNING * * *
The gnoll hits you with a +0 halberd.
* * * LOW HITPOINT WARNING * * *
You block the gnoll's attack.
Things that are here:
a +0 whip; an adder corpse; a gnoll corpse You hit the gnoll.
The gnoll is moderately wounded.
The gnoll barely misses you.
You hit the gnoll.
The gnoll is severely wounded.
The gnoll barely misses you. The gnoll hits you with a +0 halberd.
* * * LOW HITPOINT WARNING * * *
You closely miss the gnoll.
The gnoll is severely wounded.
The gnoll hits you but does no damage. The gnoll hits you with a +0 halberd.
* * * LOW HITPOINT WARNING * * *
The gnoll hits you from afar with a +0 spear.
You die...

#......# ..#
#.###..###.##
. #
#..##†.....#
#.##.
#........#
.....
##.......#
......
##......##
.....g#
##......#
.....Jg##
##....#..#
#@###.#####..#
##?#.## .#
##.## ###


You could see 2 gnolls and an endoplasm.

Vanquished Creatures
  Terence (D:2)
  Natasha (thrice) (D:2)
  A gnoll (D:3)
  3 adders
  A worm (D:2)
  5 ball pythons
  An endoplasm (D:2)
  A hobgoblin (D:2)
  2 jackals (D:3)
  4 bats
  4 rats
26 creatures vanquished.

Notes
Turn   | Place    | Note
-------+----------+-------------------------------------------
     0 | D:1      | MisterFreud the Gargoyle Fighter began the quest for the
                  | Orb.
     0 | D:1      | Reached XP level 1. HP: 14/14 MP: 1/1
   592 | D:1      | Found a faded altar of an unknown god.
   687 | D:2      | Reached XP level 2. HP: 19/19 MP: 2/2
   718 | D:2      | Reached skill level 3 in Maces & Flails
   828 | D:2      | Reached XP level 3. HP: 20/23 MP: 3/3
   968 | D:2      | Noticed Natasha
   977 | D:2      | Killed Natasha
   978 | D:2      | Reached skill level 4 in Maces & Flails
  1282 | D:2      | Noticed Natasha
  1290 | D:2      | Killed Natasha
  1291 | D:2      | Reached XP level 4. HP: 12/28 MP: 4/4
  1321 | D:2      | Noticed Natasha
  1571 | D:2      | Killed Natasha
  1808 | D:2      | Noticed Terence
  1819 | D:2      | Killed Terence
  1820 | D:2      | Reached skill level 5 in Maces & Flails
  1820 | D:2      | Reached XP level 5. HP: 24/32 MP: 5/5
  2265 | D:3      | Slain by a gnoll

Illustrated notes

Levels and vault maps discovered:
D:1:      dpeg_arrival_another_circle, layout_rooms,
          shapermc_ecumenical_altar_hornbeckon
D:2:      layout_loops_cross, uniq_natasha, uniq_terence
D:3:      layout_loops_ring, minmay_crystal_room

Skill      XL: |  1  2  3  4 |
---------------+-------------+-----
Maces & Flails | 3 4 5 |  5.4
Fighting       | |  3.2
Armour         | |  3.2
Shields        | |  3.2

Action                   |  1- 3 |  4- 6 || total
-------------------------+-------+-------++-------
Melee: Flail             |    53 |    49 ||   102
Throw: Dart              |       |     2 ||     2
  Use: Scroll            |     3 |       ||     3
Armor: Scale mail        |    41 |    15 ||    56
Dodge: Dodged            |    20 |    25 ||    45
Block: Buckler           |    10 |    12 ||    22
